 Dungeon Crawl Stone Soup version 0.28-a0-60-g54b5640690 (webtiles) character file.

Game seed: 11651290311986061485

102 Leeroy the Slasher (level 4, -3/33 HPs)
             Began as a Demonspawn Gladiator on July 30, 2021.
             Killed from afar by Pikel (8 damage)
             ... with a puff of flame
             ... on level 4 of the Dungeon.
             The game lasted 00:04:50 (3079 turns).

Leeroy the Slasher (Demonspawn Gladiator)           Turns: 3079, Time: 00:04:50

Health: -3/33      AC:  9    Str: 21    XL:     4   Next: 49%
Magic:  4/4        EV:  8    Int:  9    God:
Gold:   180        SH:  0    Dex: 15    Spells: 3/3 levels left

rFire   . . .      SeeInvis .   a - +0 long sword
rCold   . . .      Faith    .   (no shield)
rNeg    . . .      Spirit   .   e - +0 chain mail
rPois   .          Reflect  .   (helmet restricted)
rElec   .          Harm     .   o - +0 cloak
rCorr   .          Rampage  .   (no gloves)
Will    .....                   (no boots)
Stlth   ..........              (no amulet)
HPRegen 0.11/turn               j - +6 ring of strength
MPRegen 0.09/turn               (no ring)

@: attractive
A: horns 1, condensation shield
a: no special abilities


You were on level 4 of the Dungeon.
You visited 1 branch of the dungeon, and saw 4 of its levels.

You collected 180 gold pieces.

Inventory:

Hand Weapons
 a - a +0 long sword (weapon)
 h - a +0 long sword
 q - a +1 whip of draining
Missiles
 d - 3 throwing nets (quivered)
Armour
 b - a +0 leather armour
 c - a +0 helmet
 e - a +0 chain mail (worn)
 o - a +0 cloak (worn)
Magical Staves
 m - a staff of conjuration
Jewellery
 i - a ring of see invisible
 j - a +6 ring of strength (left hand)
 u - a ring of fire
Scrolls
 f - a scroll of silence {unknown}
 k - 2 scrolls of identify {unknown}
 l - a scroll of fear {unknown}
 n - a scroll of vulnerability {unknown}
 s - a scroll of acquirement {unknown}
 w - a scroll of immolation {unknown}
Potions
 r - a potion of magic {unknown}
 t - a potion of curing {unknown}
 v - a potion of degeneration {unknown}


   Skills:
 - Level 2.0 Fighting
 + Level 4.8 Long Blades
 - Level 1.7 Throwing
 - Level 2.6 Dodging


You had 3 spell levels left.
You didn't know any spells.
Your spell library contained the following spells:

 Spells                   Type           Power      Damage    Failure   Level
 Corona                   Hex            0%         N/A       99%         1
 Corpse Rot               Necr/Air       N/A        N/A       100%        2
 Ensorcelled Hibernation  Hex/Ice        0%         N/A       100%        2
 Tukima's Dance           Hex            0%         N/A       100%        3
 Dispel Undead            Necr           0%         3d6       100%        4
 Death Channel            Necr           0%         N/A       100%        6


Dungeon Overview and Level Annotations

Branches:
Dungeon (4/15)
 Temple: D:4-7

Altars:
Uskayaw

Shops:
D:3 =

Annotations:
D:4 Pikel


Innate Abilities, Weirdness & Mutations

You have a pair of small horns on your head.
A meltable shield of frost defends you. (SH +0)


Message History

Pikel says, "Time is money, and you're costing me too much!"
The adder bites you but does no damage.
You miss the adder. Your headbutt misses the adder.
The adder is moderately wounded.
The adder bites you.
You are poisoned.
The adder poisons you!
You miss the adder.
The adder is moderately wounded.
You feel sick. The adder barely misses you.
The adder bites you but does no damage.
You slash the adder!
You kill the adder!
You feel sick.
You completely miss Pikel.
You feel sick.
Pikel zaps a wand.
The puff of flame hits you.
Your condensation shield dissipates!
* * * LOW HITPOINT WARNING * * *
It was a potion of attraction.
You feel attractive to monsters.
* * * LOW HITPOINT WARNING * * *
You feel sick. Pikel hits you but does no damage.
It was a potion of heal wounds.
You feel much better.
You feel sick.
Pikel hits you with a +0 whip of freezing.
Pikel freezes you.
You feel sick.
You are no longer poisoned.
Pikel zaps a wand.
The puff of flame hits you! The lemure is pulled toward you!
Pikel is pulled toward you! The orc priest is pulled toward you!
The lemure is pulled toward you! x2
Pikel zaps a wand.
The puff of flame misses you. Pikel is pulled toward you!
The orc priest is pulled toward you! The lemure is pulled toward you! x3
Pikel zaps a wand.
The puff of flame hits you. Pikel is pulled toward you!
The lemure is pulled toward you! x4
Pikel zaps a wand.
The puff of flame hits you!
* * * LOW HITPOINT WARNING * * *
The lemure is pulled toward you! x3
Pikel zaps a wand.
The puff of flame hits you!
You die...

#####.# #.# #5# #5##
#55# ##o# #K##
#########..#
#########.....).@.##
..<.......#########
###########


You could see Pikel, a lemure and an orc priest.

Vanquished Creatures
  5 adders
  2 dart slugs
  3 orcs (D:3)
  9 ball pythons
  3 endoplasms (D:2)
  A giant cockroach (D:1)
  5 goblins
  4 hobgoblins
  3 jackals (D:1)
  3 quokkas
  2 bats
  3 frilled lizards
  3 kobolds
  3 rats
49 creatures vanquished.

Notes
Turn   | Place    | Note
-------+----------+-------------------------------------------
     0 | D:1      | Leeroy the Demonspawn Gladiator began the quest for the
                  | Orb.
     0 | D:1      | Reached XP level 1. HP: 16/16 MP: 1/1
    97 | D:1      | Reached skill level 3 in Long Blades
   183 | D:1      | Gained mutation: You have a pair of small horns on your
                  | head. [demonic ancestry]
   183 | D:1      | Reached XP level 2. HP: 22/22 MP: 2/2
   293 | D:1      | Found a faded altar of an unknown god.
  1065 | D:1      | Gained mutation: A meltable shield of frost defends you.
                  | (SH +0) [demonic ancestry]
  1065 | D:1      | Reached XP level 3. HP: 12/27 MP: 3/3
  1069 | D:1      | Reached skill level 4 in Long Blades
  2251 | D:3      | Found a hide-covered altar of Uskayaw.
  2355 | D:3      | Reached XP level 4. HP: 33/33 MP: 4/4
  2850 | D:3      | Found Uhocuy's Jewellery Shoppe.
  3050 | D:4      | Noticed a lemure
  3051 | D:4      | Noticed Pikel
  3052 | D:4      | Noticed a lemure
  3054 | D:4      | Noticed a lemure
  3056 | D:4      | Noticed a lemure
  3071 | D:4      | HP: 1/33 [poisoned by an adder]
  3079 | D:4      | Killed from afar by Pikel

Illustrated notes

Levels and vault maps discovered:
D:1:      minmay_arrival_four_houses, layout_basic,
          shapermc_ecumenical_altar_acropolis, hangedman_decor_points,
          minmay_misc_feat_hallway
D:2:      layout_loops_ring
D:3:      minmay_inner_zag, layout_rooms, mainiacjoe_overflow_surrounded_room,
          serial_shops, shop
D:4:      layout_rooms, lemuel_round_altar, mainiacjoe_overflow_alcove_2,
          uniq_pikel

Skill      XL: |  1  2  3 |
---------------+----------+-----
Long Blades    | 3 4 |  4.8
Fighting       | |  2.0
Throwing       | |  1.7
Dodging        | |  2.6

Action                   |  1- 3 |  4- 6 || total
-------------------------+-------+-------++-------
Melee: Long sword        |    95 |    39 ||   134
       Headbutt          |    11 |     5 ||    16
  Use: Potion            |       |     2 ||     2
Armor: Chain mail        |    66 |    26 ||    92
       Leather armour    |     1 |       ||     1
Dodge: Dodged            |    41 |    14 ||    55
Block: Other             |    12 |     8 ||    20
       Rpst.: Long sword |    17 |     4 ||    21

Table legend: (Time is in decaauts)
 A = Elapsed time spent in this place.
 B = Non-inter-level travel time spent in this place.
 C = Inter-level travel time spent in this place.
 D = Time resting spent in this place.
 E = Time spent auto-exploring this place.
 F = Levels seen in this place.
 G = Mean time per level.
                   A        B        C        D        E       F      G
               +--------+--------+--------+--------+--------+-----+--------+
         Total |   3107 |   3035 |     72 |    258 |   2414 |   4 |  776.8 |
       Dungeon |   3107 |   3035 |     72 |    258 |   2414 |   4 |  776.8 |
               +--------+--------+--------+--------+--------+-----+--------+

Top non-repeatable levels by time:
     D:1: 1328 daAuts
     D:2: 883 daAuts
     D:3: 834 daAuts
     D:4: 62 daAuts
